cohdb
Replays
Latest Replays
All Replays
Popular Replays
Top Player Replays
Match Explorer
How It Works
Community
CoH3 Stats
Reddit
Sign in to upload your games and track your stats! →
Sign in with Steam
Match 45718146
Unlisted
Match 45718146
Overview
Messages
Build Orders
End
Panzerpioneer Squad
Panzergrenadier Squad
Panzergrenadier Squad
Construct Light Support Kompanie
Panzergrenadier Squad
Fire Support Elements
le.IG 18 Support Gun Team
Selects Panzerjäger Kommand Battlegroup
Selects Mine Fields
Flakvierling Half-track
Panzerpioneer Squad
2.5-tonne Medical Truck
REDFORCE
SOPRO
Angrybirds
Bego
0
0
Comments
sign in to comment!
No comments posted yet!